 Dungeon Crawl Stone Soup version 0.17.2-1-ge4368a0 (webtiles) character file.

917 Charly the Covert (level 7, -3/31 (32) HPs)
             Began as a Spriggan Enchanter on July 9, 2017.
             Was a Follower of Ashenzari.
             Shot with an arrow by a centaur (10 damage)
             ... on level 11 of the Dungeon.
             The game lasted 00:24:09 (1476 turns).

Charly the Covert (Spriggan Enchanter)              Turns: 1476, Time: 00:24:09

HP:   -3/31 (32)    AC:  3    Str:  4    XL:     7   Next: 83%
MP:   13/14         EV: 22    Int: 18    God:    Ashenzari [*.....]
Gold: 78            SH:  0    Dex: 17    Spells: 3 memorised, 6 levels left

rFire  . . .     SeeInvis +     a - +1 dagger (curse)
rCold  . . .     Clarity  .     g - +1 robe (curse)
rNeg   + . .     SustAt   .     (shield restricted)
rPois  .         Gourm    .     (helmet restricted)
rElec  .         Spirit   .     v - -1 cloak (curse)
rCorr  .         Warding  +     (gloves unavailable)
rMut   .         Stasis   .     (boots unavailable)
MR     +....                    A - amulet of warding (curse)
Stlth  +++++.....               q - +1 ring of evasion (curse)
                                e - ring of wizardry (curse)

@: about to teleport, very quick, somewhat resistant to hostile enchantments,
quite stealthy
A: unfitting armour, see invisible, herbivore 3, speed 3, slow metabolism 2
a: Scrying, Renounce Religion


You were on level 11 of the Dungeon.
You worshipped Ashenzari.
Ashenzari was aware of your devotion.
You were very full.

You visited 2 branches of the dungeon, and saw 12 of its levels.

You collected 78 gold pieces.

Inventory:

Hand Weapons
 a - a cursed +1 dagger (weapon)
Armour
 g - a cursed +1 robe (worn)
 v - a cursed -1 cloak (worn)
Jewellery
 e - a cursed ring of wizardry (left hand)
 p - an uncursed ring of poison resistance
 q - a cursed +1 ring of evasion (right hand)
 w - a cursed +3 ring of intelligence
 A - a cursed amulet of warding (around neck)
Wands
 b - a wand of paralysis (24)
 o - a wand of confusion (17)
 s - a wand of lightning (2)
Scrolls
 f - 5 scrolls of teleportation
 i - a scroll of identify
 k - 7 scrolls of curse armour
 m - a scroll of enchant weapon {unknown}
 n - a scroll of fear {unknown}
 u - a scroll of blinking {unknown}
 y - a scroll of brand weapon {unknown}
 B - a scroll of immolation
 C - a scroll of remove curse
Potions
 r - 2 potions of might
 t - a potion of haste
 x - 2 potions of brilliance
 z - a potion of cancellation
Books
 c - a book of Maledictions

   Spells                             Type                      Level
   a - Corona                         Hexes                        1
   b - Ensorcelled Hibernation        Hexes/Ice                    2
   c - Confuse                        Hexes                        3
   d - Tukima's Dance                 Hexes                        3
   e - Dazzling Spray                 Conjuration/Hexes            3
Comestibles
 d - a bread ration


   Skills:
 + Level 2.6 Short Blades
 - Level 5.3 Dodging
 + Level 10.7 Stealth
 - Level 4.1 Spellcasting
 - Level 6.1 Hexes


You had 6 spell levels left.
You knew the following spells:

 Your Spells              Type           Power        Failure   Level  Hunger
c - Confuse               Hex            ####....     1%          3    ###....
d - Dazzling Spray        Conj/Hex       ##......     6%          3    ###....
h - Ensorcelled Hibernat  Hex/Ice        ##....       3%          2    ##.....


Dungeon Overview and Level Annotations

Branches:
Dungeon (11/15)            Temple (1/1) D:7
   Lair: D:8-11         Orc: D:9-12

Altars:
Ashenzari
Cheibriados
Kikubaaqudgha
Nemelex Xobeh
Qazlal
Ru
Vehumet
Yredelemnul

Annotations:
D:5 Prince Ribbit
D:7 Dowan


Innate Abilities, Weirdness & Mutations

You are tiny and cannot use many weapons and most armour.
You have supernaturally acute eyesight.
You are a herbivore.
You cover ground extremely quickly.
You need consume almost no food.


Message History

As you read the scroll labeled KAOQUV NEOX, it crumbles to dust.
Forget which spell ([?*] list [ESC] exit)?
Your memory of Corona unravels.
It was a scroll of amnesia.
The centaur misses you.
The centaur hits you but does no damage.
The centaur completely misses you.
The centaur wields a shortbow.
The centaur shoots an arrow.
The arrow misses you.
The centaur shoots an arrow.
The arrow misses you.
The arrow hits the centaur!
The centaur dies!
The centaur closely misses you.
The centaur hits you but does no damage.
Drop what? 27/52 slots (_ for help) (? for menu, Esc to quit)
Okay, then.
Read which item? (? for menu, Esc to quit)
As you read the scroll labeled WAHAOT MUEQAT, it crumbles to dust.
It is a scroll of recharging.
Charge which item? (? for menu, Esc to quit)
Your wand of paralysis glows for a moment.
The centaur shoots an arrow.
The arrow hits you!
You die...

.. ... ...#
....##
......#########
.>.....(..:...#
#(......c......
#...)@..c....
##....c......
###.c.......
##..###... ####
.. .


You could see 4 centaurs.

Vanquished Creatures
  A water moccasin (D:10)
  An orc warrior (D:6)
  A sky beast (D:5)
  2 necrophages
  A centaur (D:7)
  An ogre (D:9)
  A giant frog (D:7)
  A wyvern skeleton (D:9)
  A giant frog zombie (D:5)
  An orc wizard (D:9)
  2 worker ants
  A worker ant zombie (D:10)
  2 adders
  3 giant geckos
  12 orcs
  A giant cockroach (D:2)
  2 goblins
  2 hobgoblins (D:1)
  2 bats (D:2)
  2 giant newts (D:5)
  A kobold (D:2)
  A quokka (D:3)
  3 rats
45 creatures vanquished.

Vanquished Creatures (others)
  A centaur (D:11)
1 creature vanquished.

Grand Total: 46 creatures vanquished

Notes
Turn   | Place    | Note
--------------------------------------------------------------
     0 | D:1      | Charly the Spriggan Enchanter began the quest for the Orb.
     0 | D:1      | Reached XP level 1. HP: 9/9 MP: 5/5
    41 | D:1      | wiz
   150 | D:2      | Reached XP level 2. HP: 13/13 MP: 6/6
   159 | D:2      | Learned a level 2 spell: Ensorcelled Hibernation
   313 | D:4      | Reached skill level 5 in Stealth
   313 | D:4      | Reached XP level 3. HP: 13/16 MP: 8/8
   322 | D:4      | Learned a level 3 spell: Confuse
   555 | D:5      | Entered Level 5 of the Dungeon
   583 | D:5      | Reached skill level 6 in Stealth
   583 | D:5      | Reached XP level 4. HP: 19/21 MP: 6/9
   608 | D:5      | Reached skill level 5 in Hexes
   652 | D:5      | Noticed an ogre
   657 | D:5      | Noticed Prince Ribbit
   669 | D:5      | Noticed a sky beast
   673 | D:5      | Killed a sky beast
   673 | D:5      | Reached XP level 5. HP: 20/24 MP: 6/11
   692 | D:6      | You fall through a shaft for 3 floors!
   694 | D:9      | Reached skill level 7 in Stealth
   700 | D:9      | Learned a level 3 spell: Dazzling Spray
   719 | D:9      | Noticed an ogre
   752 | D:9      | Killed an ogre
   752 | D:9      | Reached XP level 6. HP: 16/28 MP: 0/13
   864 | D:6      | Noticed an orc warrior
   881 | D:6      | Killed an orc warrior
   881 | D:6      | Reached skill level 8 in Stealth
   944 | D:7      | Found a staircase to the Ecumenical Temple.
   949 | Temple   | Entered the Ecumenical Temple
   957 | Temple   | Became a worshipper of Ashenzari the Shackled
   989 | D:7      | Reached skill level 9 in Stealth
   992 | D:7      | Reached XP level 7. HP: 29/32 MP: 4/14
  1004 | D:7      | Found a radiant altar of Vehumet.
  1020 | D:7      | Noticed Dowan
  1076 | D:9      | Noticed a necrophage
  1089 | D:9      | Killed a necrophage
  1089 | D:9      | Reached skill level 10 in Stealth
  1136 | D:9      | Noticed a centaur
  1204 | D:10     | Entered Level 10 of the Dungeon
  1346 | D:10     | Reached * piety under Ashenzari
  1408 | D:8      | Reached skill level 5 in Dodging
  1476 | D:11     | Shot with an arrow by a centaur

Action                   |  1- 3 |  4- 6 |  7- 9 || total
-------------------------+-------+-------+-------++-------
Melee: Short sword       |    22 |       |       ||    22
       Dagger            |     9 |    19 |    11 ||    39
 Cast: Confuse           |     1 |     1 |     5 ||     7
       Ensorcelled Hiber |       |    11 |     3 ||    14
       Dazzling Spray    |       |     3 |     5 ||     8
Evoke: Wand              |       |     2 |     1 ||     3
  Use: Scroll            |     1 |     4 |    10 ||    15
       Potion            |       |       |     1 ||     1
 Stab: Sleeping          |    10 |     7 |     5 ||    22
       Confused          |     1 |     1 |       ||     2
       Invisible         |       |     3 |       ||     3
  Eat: Bread ration      |       |     1 |       ||     1
